 Dungeon Crawl Stone Soup version 0.28.0-43-g3370ac3207 (webtiles) character file.

Game seed: 6520333441916788134

9 fknight the Chopper (level 2, 0/27 HPs)
             Began as a Hill Orc Monk on Mar 4, 2022.
             Frozen to death by an endoplasm (4 damage)
             ... on level 1 of the Dungeon.
             The game lasted 00:01:15 (140 turns).

fknight the Chopper (Hill Orc Monk)                  Turns: 140, Time: 00:01:16

Health: 0/27       AC:  2    Str: 13    XL:     2   Next: 12%
Magic:  2/2        EV: 12    Int: 10    God:
Gold:   12         SH:  0    Dex: 13    Spells: 1/1 levels left

rFire   . . .      SeeInvis .   a - +0 hand axe
rCold   . . .      Faith    .   (no shield)
rNeg    . . .      Spirit   .   b - +0 robe
rPois   .          Reflect  .   (no helmet)
rElec   .          Harm     .   (no cloak)
rCorr   .          Rampage  .   (no gloves)
Will    .....                   (no boots)
Stlth   ++........              (no amulet)
HPRegen 0.09/turn               (no ring)
MPRegen 0.08/turn               (no ring)

@: no status effects
A: no striking features
a: no special abilities


You were on level 1 of the Dungeon.
You visited 1 branch of the dungeon, and saw 1 of its levels.

You collected 12 gold pieces.

Inventory:

Hand Weapons
 a - a +0 hand axe (weapon)
Missiles
 d - 11 stones (quivered)
Armour
 b - a +0 robe (worn)
Potions
 c - a potion of might {unknown}


   Skills:
 + Level 3.8 Fighting
 + Level 4.2 Axes
 + Level 2.5 Dodging
 + Level 1.8 Stealth


You had one spell level left.
You didn't know any spells.
Your spell library was empty.

Dungeon Overview and Level Annotations

Branches:
Dungeon (1/15)

Altars:


Message History

The kobold misses you.
You barely miss the kobold.
A dart slug comes into view.
The kobold misses you.
You hit the kobold but do no damage.
The kobold hits you with a +0 short sword.
You closely miss the hobgoblin. You barely miss the kobold.
You hit the endoplasm. The endoplasm freezes you.
You are frozen.
The hobgoblin closely misses you. The kobold barely misses you.
You hit the endoplasm.
The endoplasm is moderately wounded.
You hit the hobgoblin but do no damage. You closely miss the kobold.
The endoplasm misses you. The kobold barely misses you.
You barely miss the endoplasm.
The endoplasm is moderately wounded.
You hit the kobold. You closely miss the hobgoblin. The hobgoblin hits you.
The endoplasm freezes you.
You are frozen.
The kobold hits you with a +0 short sword.
* * * LOW HITPOINT WARNING * * *
The hobgoblin closely misses you.
You are too injured to fight recklessly!
You are too injured to fight recklessly!
You closely miss the kobold.
The kobold is severely wounded.
You hit the endoplasm. You hit the hobgoblin.
You kill the hobgoblin!
You hit the goblin but do no damage. The endoplasm misses you.
The goblin closely misses you. The kobold completely misses you.
The goblin hits you with a +0 dagger.
* * * LOW HITPOINT WARNING * * *
The endoplasm closely misses you.
You closely miss the kobold.
The kobold is severely wounded.
You hit the endoplasm but do no damage. You hit the goblin.
The kobold barely misses you. The endoplasm freezes you.
You are frozen.
You die...

.# .8. ..8########
######
÷.........#####......
.....................
..........###.#.#.#.#
..8...g†..............
.÷..w.K@..##..#.#.#.#.
÷.#...J...##..........
#.......##..#.#.#.#.
#..########.........
#### ##. #.#.#.#.#.
...# # #..###.........
...+ #......##..##
8..# #
...#########....#..
...+ .#.
.....######..#.....


You could see a dart slug, an endoplasm, a goblin and a kobold.

Vanquished Creatures
  A ball python (D:1)
  An endoplasm (D:1)
  3 hobgoblins (D:1)
  2 kobolds (D:1)
  A rat (D:1)
8 creatures vanquished.

Notes
Turn   | Place    | Note
-------+----------+-------------------------------------------
     0 | D:1      | fknight the Hill Orc Monk began the quest for the Orb.
     0 | D:1      | Reached XP level 1. HP: 19/19 MP: 1/1
   131 | D:1      | Reached XP level 2. HP: 25/27 MP: 2/2
   140 | D:1      | Frozen to death by an endoplasm

Illustrated notes

Levels and vault maps discovered:
D:1:      minmay_arrival_solitary_statue, layout_rooms, serial_glass,
          glass_columns_b, glass_columns_c, shapermc_ecumenical_altar_pompeii,
          minmay_crystal_room

Action                   || total
-------------------------++-------
Melee: Hand axe          ||    21
 Stab: Sleeping          ||     1
Dodge: Dodged            ||    18
